| TOP OF THE 1ST |
|
Charlotte Knights batting - Pitching for Round Rock Express : RHP Danny Walker
|
|
Pitching: RHP Danny Walker
|
|
|
Batting: LHB Hirakito Herring
|
0-0: Fly out, F8 (Line Drive, 8LD, EV 94.4 MPH)
|
|
Batting: RHB Jeff Brower
|
0-0: Ball 1-0: Ground out 5-3 (Groundball, 56, EV 88.8 MPH)
|
|
Batting: LHB Sonny Flood
|
0-0: Foul Ball, location: 2F 0-1: DOUBLE (Groundball, 3L, EV 103.8 MPH)
|
|
Batting: LHB Jorge Rosales
|
0-0: Ball 1-0: Ball 2-0: Foul Ball, location: 2F 2-1: Ball 3-1: Ground out U3 (Groundball, 3, EV 88.1 MPH)
|
| Top of the 1st over - 0 runs, 1 hit, 0 errors, 1 left on base; Charlotte 0 - Round Rock 0 |
| BOTTOM OF THE 1ST |
|
Round Rock Express batting - Pitching for Charlotte Knights : LHP Benito Vargas
|
|
Pitching: LHP Benito Vargas
|
|
|
Batting: SHB David Simpson
|
0-0: Bunt missed! 0-1: Called Strike 0-2: Ball 1-2: Ball 2-2: DOUBLE (Groundball, 5L, EV 108.1 MPH)
|
|
Batting: RHB Aaron Graham
|
0-0: Ground out 6-3 (Groundball, 6, EV 103.1 MPH)
|
|
Batting: RHB Alan Oxenrider
|
0-0: Called Strike 0-1: Ball 1-1: Swinging Strike 1-2: Strikes out swinging
|
|
Batting: LHB Jeff Densmore
|
0-0: Ball 1-0: Fly out, F5 (Popup, 56S, EV 73.8 MPH)
|
| Bottom of the 1st over - 0 runs, 1 hit, 0 errors, 1 left on base; Charlotte 0 - Round Rock 0 |
| TOP OF THE 2ND |
|
Charlotte Knights batting - Pitching for Round Rock Express : RHP Danny Walker
|
|
Batting: LHB Brian Dickeson
|
0-0: Ball 1-0: Ball 2-0: Foul Ball, location: 2F 2-1: Foul Ball, location: 2F 2-2: Ground out 5-3 (Groundball, 56S, EV 63.8 MPH)
|
|
Batting: RHB Will Washburn
|
0-0: Ball 1-0: Ball 2-0: Called Strike 2-1: Foul Ball, location: 2F 2-2: Ball 3-2: Strikes out looking
|
|
Batting: RHB Erik Christensen
|
0-0: Foul Ball, location: 2F 0-1: Ground out 6-3 (Groundball, 6, EV 102.5 MPH)
|
| Top of the 2nd over - 0 runs, 0 hits, 0 errors, 0 left on base; Charlotte 0 - Round Rock 0 |
| BOTTOM OF THE 2ND |
|
Round Rock Express batting - Pitching for Charlotte Knights : LHP Benito Vargas
|
|
Batting: RHB Jimmy Hammertime
|
0-0: SINGLE (Groundball, 6M, EV 104.4 MPH) (infield hit)
|
|
Batting: RHB Bobby Keithley
|
0-0: Foul Ball, location: 2F 0-1: Ball 1-1: Swinging Strike 1-2: Ball 2-2: Ball 3-2: Base on Balls Jimmy Hammertime to second
|
|
Batting: SHB Frank King
|
0-0: Ball 1-0: Ball 2-0: Called Strike 2-1: Swinging Strike 2-2: Ground out 5-3 (Groundball, 56S, EV 64.4 MPH) Jimmy Hammertime to third Bobby Keithley to second
|
|
Batting: SHB Alvare Bairro
|
0-0: Ball 1-0: Ball 2-0: Ground out 6-3 (Groundball, 56, EV 98.1 MPH) Jimmy Hammertime scores
|
|
Batting: LHB Pauli Gassinger
|
0-0: Called Strike 0-1: Swinging Strike 0-2: Strikes out swinging
|
| Bottom of the 2nd over - 1 run, 1 hit, 0 errors, 1 left on base; Charlotte 0 - Round Rock 1 |
| TOP OF THE 3RD |
|
Charlotte Knights batting - Pitching for Round Rock Express : RHP Danny Walker
|
|
Batting: RHB Harvey Harvey
|
0-0: Ground out 5-3 (Groundball, 56S, EV 85.0 MPH)
|
|
Batting: RHB Justin Harris
|
0-0: Ball 1-0: Ball 2-0: Ball 3-0: Base on Balls
|
|
Batting: LHB Hirakito Herring
|
0-0: Swinging Strike 0-1: DOUBLE (Line Drive, 89XD, EV 104.4 MPH) Justin Harris to third
|
|
Batting: RHB Jeff Brower
|
Balk! Justin Harris scores Hirakito Herring to third 0-0: Ball 1-0: Called Strike 1-1: Ball 2-1: Foul Ball, location: 2F 2-2: Foul Ball, location: 2F 2-2: Ball 3-2: Strikes out looking
|
|
Batting: LHB Sonny Flood
|
0-0: Called Strike 0-1: Ground out 6-3 (Groundball, 4M, EV 91.9 MPH)
|
| Top of the 3rd over - 1 run, 1 hit, 0 errors, 1 left on base; Charlotte 1 - Round Rock 1 |
| BOTTOM OF THE 3RD |
|
Round Rock Express batting - Pitching for Charlotte Knights : LHP Benito Vargas
|
|
Batting: SHB David Simpson
|
0-0: Ball 1-0: Ball 2-0: Ball 3-0: Base on Balls
|
|
Batting: RHB Aaron Graham
|
0-0: Called Strike 0-1: Ball 1-1: Ball 2-1: SINGLE (Groundball, 23, EV 72.5 MPH) (infield hit) David Simpson to second
|
|
Batting: RHB Alan Oxenrider
|
0-0: Ball 1-0: Foul Ball, location: 2F 1-1: Swinging Strike 1-2: Strikes out swinging
|
|
Batting: LHB Jeff Densmore
|
0-0: Called Strike 0-1: Ball 1-1: Called Strike 1-2: Ball 2-2: Foul Ball, location: 2F 2-2: Ball 3-2: Fielders Choice at 2nd, 3-6 (Groundball, 3, EV 84.4 MPH) David Simpson to third
|
|
Batting: RHB Jimmy Hammertime
|
0-0: Ball 1-0: Ball 2-0: Called Strike 2-1: Foul Ball, location: 2F 2-2: Foul Ball, location: 2F 2-2: SINGLE (Line Drive, 34D, EV 105.0 MPH) David Simpson scores Jeff Densmore to second
|
|
Batting: RHB Bobby Keithley
|
0-0: Ball 1-0: Called Strike 1-1: 3-RUN HOME RUN (Flyball, 7D, EV 95.0 MPH), Distance : 355 ft
|
|
Pitching: RHP Pedro Duran
|
|
|
Batting: SHB Frank King
|
0-0: Ball 1-0: Swinging Strike 1-1: Ball 2-1: Called Strike 2-2: SINGLE (Flyball, 4MD, EV 87.5 MPH)
|
|
Batting: SHB Alvare Bairro
|
0-0: Called Strike Frank King steals 2nd base 0-1: Called Strike 0-2: Ball 1-2: Strikes out swinging
|
| Bottom of the 3rd over - 4 runs, 4 hits, 0 errors, 1 left on base; Charlotte 1 - Round Rock 5 |
| TOP OF THE 4TH |
|
Charlotte Knights batting - Pitching for Round Rock Express : RHP Danny Walker
|
|
Batting: LHB Jorge Rosales
|
0-0: SINGLE (Line Drive, 8LS, EV 103.8 MPH)
|
|
Batting: LHB Brian Dickeson
|
0-0: Called Strike 0-1: Ball 1-1: Called Strike 1-2: Strikes out looking
|
|
Batting: RHB Will Washburn
|
0-0: Foul Ball, location: 2F 0-1: Ball 1-1: Swinging Strike 1-2: Ball 2-2: Foul Ball, location: 2F 2-2: Strikes out swinging
|
|
Batting: RHB Erik Christensen
|
0-0: Ball 1-0: Fly out, F6 (Popup, 15, EV 76.9 MPH)
|
| Top of the 4th over - 0 runs, 1 hit, 0 errors, 1 left on base; Charlotte 1 - Round Rock 5 |
| BOTTOM OF THE 4TH |
|
Round Rock Express batting - Pitching for Charlotte Knights : RHP Pedro Duran
|
|
Batting: LHB Pauli Gassinger
|
0-0: Called Strike 0-1: Ball 1-1: Foul Ball, location: 2F 1-2: Foul Ball, location: 2F 1-2: Foul Ball, location: 2F 1-2: Ball 2-2: Ground out U3 (Groundball, 3, EV 87.5 MPH)
|
|
Batting: SHB David Simpson
|
0-0: Ball 1-0: Ground out U3 (Groundball, 3, EV 90.6 MPH)
|
|
Batting: RHB Aaron Graham
|
0-0: Ball 1-0: Ground out 5-3 (Groundball, 56, EV 80.0 MPH)
|
| Bottom of the 4th over - 0 runs, 0 hits, 0 errors, 0 left on base; Charlotte 1 - Round Rock 5 |
| TOP OF THE 5TH |
|
Charlotte Knights batting - Pitching for Round Rock Express : RHP Danny Walker
|
|
Batting: RHB Harvey Harvey
|
0-0: Foul Ball, location: 2F 0-1: Ground out 5-3 (Groundball, 56S, EV 89.4 MPH)
|
|
Batting: RHB Justin Harris
|
0-0: SINGLE (Groundball, 34D, EV 98.8 MPH)
|
|
Batting: LHB Hirakito Herring
|
0-0: Ball 1-0: Ball 2-0: Foul Ball, location: 2F 2-1: Fielders Choice at 2nd, 6-4 (Groundball, 6, EV 106.3 MPH)
|
|
Batting: RHB Jeff Brower
|
0-0: Swinging Strike 0-1: Ball 1-1: Swinging Strike 1-2: Strikes out swinging
|
| Top of the 5th over - 0 runs, 1 hit, 0 errors, 1 left on base; Charlotte 1 - Round Rock 5 |
| BOTTOM OF THE 5TH |
|
Round Rock Express batting - Pitching for Charlotte Knights : RHP Pedro Duran
|
|
Batting: RHB Alan Oxenrider
|
0-0: Ball 1-0: Ground out 6-3 (Groundball, 6, EV 82.5 MPH)
|
|
Batting: LHB Jeff Densmore
|
0-0: Ball 1-0: Called Strike 1-1: Ball 2-1: Foul Ball, location: 2F 2-2: Foul Ball, location: 2F 2-2: Ball 3-2: Base on Balls
|
|
Batting: RHB Jimmy Hammertime
|
0-0: Called Strike Jeff Densmore steals 2nd base 0-1: Ground out U3 (Groundball, 34, EV 84.4 MPH) Jeff Densmore to third
|
|
Batting: RHB Bobby Keithley
|
0-0: Ball 1-0: Swinging Strike 1-1: Ground out 5-3 (Groundball, 56, EV 86.9 MPH)
|
| Bottom of the 5th over - 0 runs, 0 hits, 0 errors, 1 left on base; Charlotte 1 - Round Rock 5 |
| TOP OF THE 6TH |
|
Charlotte Knights batting - Pitching for Round Rock Express : RHP Danny Walker
|
|
Batting: LHB Sonny Flood
|
0-0: Foul Ball, location: 2F 0-1: Fly out, F9 (Flyball, 9, EV 93.8 MPH)
|
|
Batting: LHB Jorge Rosales
|
0-0: Ball 1-0: SINGLE (Groundball, 4D, EV 93.8 MPH)
|
|
Batting: LHB Brian Dickeson
|
0-0: Ball 1-0: Fly out, F9 (Line Drive, 9D, EV 105.6 MPH)
|
|
Batting: RHB Will Washburn
|
0-0: Called Strike 0-1: Ball 1-1: Ground out 4-3 (Groundball, 4S, EV 60.6 MPH)
|
| Top of the 6th over - 0 runs, 1 hit, 0 errors, 1 left on base; Charlotte 1 - Round Rock 5 |
| BOTTOM OF THE 6TH |
|
Round Rock Express batting - Pitching for Charlotte Knights : RHP Pedro Duran
|
|
Batting: SHB Frank King
|
0-0: Ball 1-0: Ball 2-0: Ball 3-0: Base on Balls
|
|
Batting: SHB Alvare Bairro
|
0-0: Ball Frank King steals 2nd base 1-0: Fly out, F9 (Line Drive, 9D, EV 90.0 MPH) Runner from 2nd tags up, SAFE at 3rd, no throw by RF
|
|
Batting: LHB Pauli Gassinger
|
0-0: Ball 1-0: Swinging Strike 1-1: TRIPLE (Flyball, 8RXD, EV 97.5 MPH) Frank King scores
|
|
Batting: SHB David Simpson
|
0-0: Foul Ball, location: 2F 0-1: Ball 1-1: Ground out U3 (Groundball, 3, EV 86.3 MPH)
|
|
Pitching: RHP Tyler Jack
|
|
|
Batting: RHB Aaron Graham
|
0-0: Foul Ball, location: 2F 0-1: Ball 1-1: 2-RUN HOME RUN (Flyball, 78XD, EV 95.0 MPH), Distance : 382 ft
|
|
Batting: RHB Alan Oxenrider
|
0-0: Called Strike 0-1: Ball 1-1: Ground out 3-1 (Groundball, 34S, EV 81.3 MPH)
|
| Bottom of the 6th over - 3 runs, 2 hits, 0 errors, 0 left on base; Charlotte 1 - Round Rock 8 |
| TOP OF THE 7TH |
|
Charlotte Knights batting - Pitching for Round Rock Express : RHP Danny Walker
|
|
Pinch Hitting: RHB Jake Savell
|
0-0: Ball 1-0: Ball 2-0: Foul Ball, location: 2F 2-1: Ground out 6-3 (Groundball, 6, EV 88.1 MPH)
|
|
Batting: RHB Harvey Harvey
|
0-0: Ground out 6-3 (Groundball, 6, EV 81.3 MPH)
|
|
Batting: RHB Justin Harris
|
0-0: Ball 1-0: Foul Ball, location: 2F 1-1: Ball 2-1: Ball 3-1: Called Strike 3-2: Ground out 6-3 (Groundball, 6, EV 76.3 MPH)
|
| Top of the 7th over - 0 runs, 0 hits, 0 errors, 0 left on base; Charlotte 1 - Round Rock 8 |
| BOTTOM OF THE 7TH |
|
Round Rock Express batting - Pitching for Charlotte Knights : RHP Tyler Jack
|
|
Now in RF: Jake Savell
|
|
|
Batting: LHB Jeff Densmore
|
0-0: Swinging Strike 0-1: Foul Ball, location: 2F 0-2: Foul Ball, location: 2F 0-2: Ball 1-2: Ball 2-2: Ball 3-2: Base on Balls
|
|
Pinch Hitting: LHB Yat-sen Zhu
|
0-0: Called Strike Jeff Densmore steals 2nd base 0-1: SINGLE (Line Drive, 89M, EV 112.5 MPH) Jeff Densmore to third
|
|
Pinch Hitting: RHB Josh Bacon
|
0-0: Foul Ball, location: 2F 0-1: Swinging Strike 0-2: Ball 1-2: SINGLE (Flyball, 5D, EV 95.0 MPH) Jeff Densmore scores Yat-sen Zhu to second
|
|
Batting: SHB Frank King
|
0-0: Ball 1-0: Ball 2-0: Ball 3-0: Base on Balls Yat-sen Zhu to third Josh Bacon to second
|
|
Batting: SHB Alvare Bairro
|
0-0: Foul Ball, location: 2F 0-1: Ground out 3-1 (Groundball, 13, EV 88.8 MPH) Yat-sen Zhu scores Josh Bacon to third Frank King to second
|
|
Batting: LHB Pauli Gassinger
|
0-0: Ball 1-0: Swinging Strike 1-1: Foul Ball, location: 2F 1-2: Strikes out looking
|
|
Batting: SHB David Simpson
|
0-0: Ground out 6-3 (Groundball, 56, EV 84.4 MPH)
|
| Bottom of the 7th over - 2 runs, 2 hits, 0 errors, 2 left on base; Charlotte 1 - Round Rock 10 |
| TOP OF THE 8TH |
|
Charlotte Knights batting - Pitching for Round Rock Express : RHP Danny Walker
|
|
Now at 2B: Yat-sen Zhu
|
|
|
Now at 3B: Josh Bacon
|
|
|
Batting: LHB Hirakito Herring
|
0-0: Ball 1-0: SINGLE (Groundball, 56D, EV 97.5 MPH)
|
|
Pinch Hitting: RHB Chris Baxter
|
0-0: Ball 1-0: DOUBLE (Line Drive, 78M, EV 100.6 MPH) Hirakito Herring to third
|
|
Batting: LHB Sonny Flood
|
0-0: Foul Ball, location: 2F 0-1: Ball 1-1: SINGLE (Groundball, 4, EV 95.6 MPH) Hirakito Herring scores Chris Baxter to third Runner from 3rd tries for Home, SAFE, throw by CF to home
|
|
Batting: LHB Jorge Rosales
|
0-0: Fly out, F8 (Flyball, 8LM, EV 94.4 MPH)
|
|
Batting: LHB Brian Dickeson
|
0-0: Foul Ball, location: 2F 0-1: Ball 1-1: Called Strike 1-2: Ball 2-2: Fielders Choice at 2nd, 5-4 (Groundball, 56, EV 81.3 MPH)
|
|
Batting: RHB Will Washburn
|
0-0: Called Strike 0-1: Foul Ball, location: 2F 0-2: Ball 1-2: Ball 2-2: Ball 3-2: Ground out U3 (Groundball, 34, EV 100.0 MPH)
|
| Top of the 8th over - 2 runs, 3 hits, 0 errors, 1 left on base; Charlotte 3 - Round Rock 10 |
| BOTTOM OF THE 8TH |
|
Round Rock Express batting - Pitching for Charlotte Knights : RHP Tyler Jack
|
|
Now at 1B: Chris Baxter
|
|
|
Batting: RHB Aaron Graham
|
0-0: Ball 1-0: Ball 2-0: Called Strike 2-1: Ball 3-1: Reached on error, E5 (Groundball, 56S, EV 76.3 MPH)
|
|
Batting: RHB Alan Oxenrider
|
0-0: Ball 1-0: Called Strike 1-1: DOUBLE (Line Drive, 5D, EV 99.4 MPH) Aaron Graham to third
|
|
Pitching: RHP Jeff Wemp
|
|
|
Batting: LHB Jeff Densmore
|
0-0: Swinging Strike 0-1: Ball 1-1: Ground out 5-3 (Groundball, 15, EV 86.3 MPH) Aaron Graham scores
|
|
Batting: LHB Yat-sen Zhu
|
0-0: Ball 1-0: Swinging Strike 1-1: Ball 2-1: Ball 3-1: DOUBLE (Line Drive, 8RD, EV 103.8 MPH) Alan Oxenrider scores
|
|
Batting: RHB Josh Bacon
|
0-0: Called Strike 0-1: Foul Ball, location: 2F 0-2: Ball 1-2: Reached on error, E4 (Groundball, 4, EV 85.0 MPH) Yat-sen Zhu to third
|
|
Batting: SHB Frank King
|
0-0: Ball 1-0: Fielders Choice at 2nd, 4-6 (Groundball, 4M, EV 103.8 MPH) Yat-sen Zhu scores
|
|
Batting: SHB Alvare Bairro
|
0-0: Ball 1-0: SINGLE (Flyball, 8LS, EV 90.0 MPH) Frank King to second
|
|
Batting: LHB Pauli Gassinger
|
0-0: Called Strike 0-1: Ball 1-1: Ball 2-1: Foul Ball, location: 2F 2-2: Ball 3-2: 3-RUN HOME RUN (Line Drive, 9D, EV 97.5 MPH), Distance : 371 ft
|
|
Pitching: LHP Troy Salzer
|
|
|
Batting: SHB David Simpson
|
0-0: Ball 1-0: Called Strike 1-1: Ball 2-1: Ball 3-1: Foul Ball, location: 2F 3-2: Strikes out swinging
|
| Bottom of the 8th over - 6 runs, 4 hits, 2 errors, 0 left on base; Charlotte 3 - Round Rock 16 |
| TOP OF THE 9TH |
|
Charlotte Knights batting - Pitching for Round Rock Express : RHP Danny Walker
|
|
Pitching: RHP Takuya Horiuchi
|
|
|
Batting: RHB Jake Savell
|
0-0: DOUBLE (Flyball, 89XD, EV 111.9 MPH)
|
|
Pinch Hitting: LHB Jake Goddard
|
0-0: Called Strike 0-1: Foul Ball, location: 2F 0-2: Fly out, F8 (Flyball, 8LS, EV 76.9 MPH)
|
|
Batting: RHB Justin Harris
|
0-0: Ball 1-0: Ground out 6-3 (Groundball, 6, EV 96.9 MPH)
|
|
Batting: LHB Hirakito Herring
|
0-0: Ball 1-0: Called Strike 1-1: Swinging Strike 1-2: Foul Ball, location: 2F 1-2: Ground out U3 (Groundball, 3, EV 89.4 MPH)
|
| Top of the 9th over - 0 runs, 1 hit, 0 errors, 1 left on base; Charlotte 3 - Round Rock 16 |
|